 Dungeon Crawl Stone Soup version 0.28.0-49-g6dfe1f597d (webtiles) character file.

Game seed: 1865836308784720960

204 Exodus22XD the Covert (level 5, 24/24 HPs)
             Began as a Spriggan Enchanter on May 15, 2022.
             Was an Initiate of Ru.
             Quit the game on level 2 of the Dungeon.
             The game lasted 00:01:17 (1665 turns).

Exodus22XD the Covert (Spriggan Enchanter)          Turns: 1665, Time: 00:01:17

Health: 24/24      AC:  2    Str:  4    XL:     5   Next: 52%
Magic:  10/10      EV: 17    Int: 16    God:    Ru [......]
Gold:   29         SH:  0    Dex: 18    Spells: 7/9 levels left

rFire   . . .      SeeInvis +   a - +1 dagger
rCold   . . .      Faith    .   (no shield)
rNeg    . . .      Spirit   .   b - +0 robe
rPois   .          Reflect  .   (helmet restricted)
rElec   .          Harm     .   (no cloak)
rCorr   .          Rampage  .   (gloves unavailable)
Will    .....                   (boots unavailable)
Stlth   +++++.....              (no amulet)
HPRegen 0.08/turn               (no ring)
MPRegen 0.12/turn               (no ring)

@: very quick
A: very small, no large weapons, unfitting armour, see invisible, speed 3
a: Renounce Religion


You were on level 2 of the Dungeon.
You worshipped Ru.
Ru was noncommittal.
You visited 1 branch of the dungeon, and saw 2 of its levels.

You collected 29 gold pieces.

Inventory:

Hand Weapons
 a - a +1 dagger (weapon)
Armour
 b - a +0 robe (worn)
Scrolls
 d - a scroll of fear {unknown}
 e - a scroll of blinking {unknown}
 f - a scroll of identify {unknown}
Potions
 c - a potion of invisibility


   Skills:
 - Level 1.1 Short Blades
 - Level 2.6 Dodging
 + Level 9.8 Stealth
 - Level 2.6 Spellcasting
 - Level 3.6 Hexes


You had 7 spell levels left.
You knew the following spells:

 Your Spells              Type           Power      Damage    Failure   Level
a - Ensorcelled Hibernat  Hex/Ice        14%        N/A       14%         2

Your spell library contained the following spells:

 Spells                   Type           Power      Damage    Failure   Level
 Confusing Touch          Hex            13%        N/A       13%         3
 Tukima's Dance           Hex            13%        N/A       13%         3
 Dazzling Flash           Conj/Hex       14%        N/A       28%         3


Dungeon Overview and Level Annotations

Branches:
Dungeon (2/15)

Altars:
Ru


Innate Abilities, Weirdness & Mutations

You are very small and have problems with some larger weapons.
You are too small for most types of armour.
You have supernaturally acute eyesight. (SInv)
You cover ground extremely quickly. (Speed+++)


Message History

Unknown command.
Unknown command.
There is a stone staircase leading down here.
You climb downwards.
There is a stone staircase leading up here.
You now have 29 gold pieces (gained 5).
Terence the Incautious comes into view.
He is wielding a +0 falchion.
Terence is nearby!
The helpless Terence fails to defend himself.
You impale Terence!!
You kill Terence!
Your Stealth skill increases to level 7!
Things that are here:
a +0 falchion; a +0 chain mail; the human corpse of Terence No target in view!
No target in view!
Found 22 arrows.
Found a stone staircase leading down.
No target in view!
No target in view!
Found 15 stones.
No target in view!
No target in view!
Sigmund the Dreaded comes into view.
He is wielding a +0 scythe and carrying a wand of digging (6).
Found a scroll of immolation.
Found a faded altar of an unknown god.
Sigmund is nearby!
A giant cockroach comes into view.
A bat comes into view.
The bat moves out of view.
The helpless Sigmund fails to defend himself.
You impale Sigmund!!
You kill Sigmund!
Your Stealth skill gained 2 levels and is now at level 9!
You have reached level 4!
You have reached level 5!
You feel agile.
There is a faded altar of an unknown god here.
You see here a scroll of immolation.
You cannot tell which god this altar belongs to.
Convert to them anyway?
Ru accepts your prayer! Ru welcomes you!
Are you sure you want to abandon this character and quit the game? (Confirm with "yes".)

####. #.. ..... .....
.....# ..#. ....#.# #...
.......#...##
#...#........# #
.#........#...# .#
##....#....@..#.+..#
.......#.#.........#
.....#.....#..?..#..
.#.#(#..#...#.).## ###
......#.#...#.#...B#
...#. #......##.#.....#
###.#.##(...............
......###...........##
#.#..###.............


There were no monsters in sight!

Vanquished Creatures
  Sigmund (D:2)
  Terence (D:2)
  A dart slug (D:1)
  An endoplasm (D:1)
  3 giant cockroaches (D:1)
  3 goblins (D:1)
  A hobgoblin (D:1)
  7 jackals (D:1)
  A quokka (D:1)
  A ball python (D:1)
  A bat (D:1)
  3 frilled lizards (D:1)
  A kobold (D:1)
  6 rats (D:1)
31 creatures vanquished.

Notes
Turn   | Place    | Note
-------+----------+-------------------------------------------
     0 | D:1      | Exodus22XD the Spriggan Enchanter began the quest for the
                  | Orb.
     0 | D:1      | Reached XP level 1. HP: 9/9 MP: 5/5
   225 | D:1      | Reached skill level 5 in Stealth
   453 | D:1      | Reached XP level 2. HP: 9/13 MP: 6/6
   456 | D:1      | Learned a level 2 spell: Ensorcelled Hibernation
   670 | D:1      | Reached skill level 6 in Stealth
  1086 | D:1      | Reached XP level 3. HP: 16/16 MP: 8/8
  1647 | D:2      | Noticed Terence
  1649 | D:2      | Killed Terence
  1650 | D:2      | Reached skill level 7 in Stealth
  1655 | D:2      | Noticed Sigmund
  1656 | D:2      | Found a faded altar of an unknown god.
  1660 | D:2      | Killed Sigmund
  1661 | D:2      | Reached skill level 9 in Stealth
  1661 | D:2      | Reached XP level 4. HP: 21/21 MP: 9/9
  1661 | D:2      | Reached XP level 5. HP: 24/24 MP: 10/10
  1664 | D:2      | Prayed at the altar of an unknown god.
  1664 | D:2      | Became a worshipper of Ru the Awakened
  1665 | D:2      | Quit the game

Illustrated notes

Levels and vault maps discovered:
D:1:      elethiomel_arrival_infinity_welcomes_careful_drivers,
          layout_loops_ring
D:2:      layout_basic, hellmonk_ecumenical_altar_blasted, minmay_crystal_room,
          uniq_terence, uniq_robin, uniq_sigmund

Skill      XL: |  1  2  3 |
---------------+----------+-----
Stealth        | 5 6 9 |  9.8
Short Blades   | |  1.1
Dodging        | |  2.6
Spellcasting   | |  2.6
Hexes          | |  3.6

Action                   |  1- 3 |  4- 6 || total
-------------------------+-------+-------++-------
Melee: Dagger            |   150 |       ||   150
 Stab: Sleeping          |     6 |       ||     6
Armor: Robe              |    18 |       ||    18
Dodge: Dodged            |   119 |       ||   119
